cohdb
Replays
Latest Replays
All Replays
Popular Replays
Top Player Replays
Match Explorer
How It Works
Community
CoH3 Stats
Reddit
Sign in to upload your games and track your stats! →
Sign in with Steam
Match 28015701
Unlisted
Match 28015701
Overview
Messages
Build Orders
End
Construct Section Command Post
Infantry Section
Infantry Section
ML 3-inch Mortar Team
Construct Platoon Command Post
6-pounder Anti-tank Gun Team
Selects Air and Sea Battlegroup
Selects Commando Section Paradrop
Infantry Section
Construct Company Command Post
Selects Commando LMG Section Paradrop
Commando LMG Section Paradrop
Crusader II Medium Tank
Crusader II Medium Tank
aka p.r.a.s.a.
Р
DIV 250 BigBoss
^3
0
0
Comments
sign in to comment!
No comments posted yet!